 Dungeon Crawl Stone Soup version 0.15-a0-39-g424acf8 (webtiles) character file.

360 Qrupt the Cutter (level 6, 0/41 HPs)
             Began as a Halfling Fighter on Apr 3, 2014.
             Succumbed to poison (a potion of poison)
             ... on Level 2 of the Dungeon.
             The game lasted 00:09:21 (3414 turns).

Qrupt the Cutter (Halfling Fighter)                 Turns: 3414, Time: 00:09:21

HP   0/41        AC 13     Str 13 (15) XL: 6   Next: 40%
MP   6/6         EV  9     Int  8      God:
Gold 101         SH  0     Dex 21      Spells:  0 memorised,  5 levels left

rFire  . . .     SeeInvis .     a - +1,+0 cutlass
rCold  . . .     Clarity  .     i - +0 plate armour
rNeg   . . .     Conserve .     c - +0 buckler
rPois  .         rCorr    .     (no helmet)
rElec  .         rRot     .     (no cloak)
SustAb . .       Spirit   .     (no gloves)
rMut   .         Warding  .     e - +1 pair of boots
Saprov . . .     Stasis   .     (no amulet)
MR     .....                    (no ring)
                                (no ring)

@: confused, agile, lethally poisoned, not resistant to hostile enchantments,
extremely unstealthy
A: mutation resistance 1, slow metabolism 1
a: no special abilities


You were on level 2 of the Dungeon.
You were not hungry.

You visited 1 branch of the dungeon, and saw 3 of its levels.

You collected 101 gold pieces.

Inventory:

Hand weapons
 a - a +1,+0 cutlass (weapon)
Armour
 c - a +0 buckler (worn)
 e - a +1 pair of boots (worn)
 i - a +0 plate armour (worn)
Comestibles
 b - a meat ration
 d - 4 bread rations
 g - a pear
 j - a honeycomb
Scrolls
 f - 3 scrolls of identify
Potions
 m - a potion of agility
Books
 h - a book of Wizardry

   Spells                             Type                      Level
   Summon Elemental                   Summoning                    4
   Agony                              Necromancy                   5
   Force Lance                        Conjuration                  5
   Haste                              Charms                       6
   Invisibility                       Hexes                        6
   Spellforged Servitor               Conjuration/Summoning        7


   Skills:
 - Level 2.6 Fighting
 + Level 5.4 Short Blades
 + Level 3.3 Armour
 + Level 4.2 Dodging
 - Level 3.2 Shields


You had 5 spell levels left.
You didn't know any spells.

Dungeon Overview and Level Annotations

Branches:
Dungeon (3/15)

Altars:

Annotations:
D:2 Sigmund


Innate Abilities, Weirdness & Mutations

You are small and have problems with some larger weapons.
You are somewhat resistant to further mutation.
You have a slow metabolism.


Message History

You resist.
You hit Sigmund.
Sigmund is severely wounded.
Sigmund gestures at you while chanting.
You are confused.
Drink which item? (? for menu, Esc to quit)
That liquid tasted very nasty...
You are lethally poisoned!
It was a potion of poison.
* * * LOW HITPOINT WARNING * * *
You feel sick. Sigmund barely misses you.
Drink which item? (? for menu, Esc to quit)
There was something very wrong with that liquid!
You feel weakened.
It was a potion of degeneration.
* * * LOW HITPOINT WARNING * * *
You feel sick.
You hit Sigmund.
Sigmund is almost dead.
You die...

#..# #..########
##..........
#...########
###...### #.......#
#.......# #.......#
##..@@### #.....##
#.##..... #. ##%####
#.###.##############
#...................
#####>............##
###########.#.#
#.#.#


You could see Sigmund.

Vanquished Creatures
  The ghost of notcluie the Firebug, an average TeFE (D:3)
  4 gnolls
  6 adders
  2 worms (D:3)
  4 orcs (D:3)
  13 goblins
  8 hobgoblins
  13 jackals
  11 kobolds
  3 quokkas
  4 bats
  5 giant cockroaches
  A giant gecko (D:2)
  2 giant newts
  7 rats
84 creatures vanquished.

Notes
Turn   | Place    | Note
--------------------------------------------------------------
     0 | D:1      | Qrupt, the Halfling Fighter, began the quest for the Orb.
     0 | D:1      | Reached XP level 1. HP: 15/15 MP: 1/1
    41 | D:1      | Reached skill level 1 in Dodging
    41 | D:1      | Reached XP level 2. HP: 12/20 MP: 2/2
   693 | D:1      | Reached XP level 3. HP: 23/25 MP: 3/3
  1023 | D:2      | Reached skill level 4 in Short Blades
  1226 | D:2      | Reached XP level 4. HP: 10/30 MP: 4/4
  1865 | D:1      | Reached XP level 5. HP: 17/35 MP: 5/5
  2342 | D:2      | Noticed Sigmund
  2491 | D:3      | Noticed notcluie's ghost (average TeFE)
  2494 | D:3      | Killed notcluie's ghost
  2494 | D:3      | Reached skill level 5 in Short Blades
  2494 | D:3      | Reached XP level 6. HP: 30/41 MP: 6/6
  3412 | D:2      | HP: 2/41 [poison (a potion of poison)]
  3414 | D:2      | Succumbed to poison (a potion of poison)

Action                   |  1- 3 |  4- 6 || total
-------------------------+-------+-------++-------
Melee: Cutlass           |   138 |   168 ||   306
       Short sword       |       |   203 ||   203
  Use: Scroll            |       |     8 ||     8
       Potion            |       |     7 ||     7
